 Dungeon Crawl Stone Soup version 0.31-a0-1267-gfedaa18580 (webtiles) character file.

Game seed: 9225015684819822815

109 Fodor the Covered (level 4, -3/40 HPs)
             Began as a Minotaur Fighter on Dec 16, 2023.
             Slain by an orc priest
             ... wielding a +0 flail
              (6 damage)
             ... on level 3 of the Dungeon.
             The game lasted 00:06:42 (1809 turns).

Fodor the Covered (Minotaur Fighter)                Turns: 1809, Time: 00:06:42

Health: -3/40      AC: 10    Str: 23    XL:     4   Next: 60%
Magic:  3/3        EV:  8    Int:  5    God:
Gold:   173        SH:  0    Dex: 15    Spells: 3/3 levels left

rFire   . . .        a - +0 war axe
rCold   . . .        c - +0 buckler
rNeg    . . .        g - +0 chain mail
rPois   .            (helmet restricted)
rElec   .            (no cloak)
rCorr   .            (no gloves)
SInv    .            n - +0 pair of boots
Will    .....        (no amulet) Stlth
                     e - +6 ring of dexterity
HPRegen 0.26/turn    (no ring)
MPRegen 0.08/turn

%: no passive effects
@: confused, mighty
A: horns 2, retaliatory headbutt
a: no special abilities


You were on level 3 of the Dungeon.
You visited 1 branch of the dungeon, and saw 3 of its levels.

You collected 173 gold pieces.

Inventory:

Hand Weapons
 a - a +0 war axe (weapon)
Armour
 c - a +0 buckler (worn)
 g - a +0 chain mail (worn)
 n - a +0 pair of boots (worn)
Jewellery
 e - a +6 ring of dexterity (left hand)
Talismans
 i - a storm talisman
Scrolls
 f - a scroll of silence {unknown}
 h - 5 scrolls of identify {unknown}
 k - a scroll of enchant weapon {unknown}
 m - a scroll of amnesia {unknown}
Potions
 b - a potion of degeneration {unknown}
 d - a potion of might
 l - a potion of lignification {unknown}


   Skills:
 + Level 4.2 Fighting
 + Level 4.1 Axes
 + Level 4.5 Armour
 + Level 0.5 Dodging
 + Level 4.2 Shields


You had 3 spell levels left.
You didn't know any spells.
Your spell library contained the following spells:

 Spells                   Type           Power      Damage    Failure   Level
 Blink                    Tloc           0%         N/A       99%         2
 Cigotuvi's Dreadful Rot  Necr/Pois/Air  0%         N/A       99%         2
 Dispel Undead            Necr           0%         3d6       100%        4
 Manifold Assault         Tloc           0%         N/A       100%        4
 Death Channel            Necr           0%         N/A       100%        6


Dungeon Overview and Level Annotations

Branches:
Dungeon (3/15)

Altars:


Innate Abilities, Weirdness & Mutations

You have a pair of horns on your head.
You reflexively headbutt those who attack you in melee.


Message History

* * * LOW HITPOINT WARNING * * *
The orc priest hits you with a +0 flail!
* * * LOW HITPOINT WARNING * * *
It was a potion of curing.
You feel better.
You hear some strange, mumbled words.
Something tries to affect you, but you resist.
You block the orc's attack.
The orc priest hits you but does no damage.
You feel very mighty all of a sudden. Something hits you but does no damage.
The orc hits you but does no damage.
The orc priest looks satisfied for a moment.
You closely miss something. You barely miss the orc priest. You slice the orc!!
You kill the orc!
Something hits you but does no damage.
The orc priest hits you with a +0 flail.
* * * LOW HITPOINT WARNING * * *
You miss something. You completely miss the orc priest.
You hear some strange, mumbled words.
You are confused.
The orc priest begins to cast a cantrip, but forgets the words!
Something hits you but does no damage.
You bump into the rock wall.
The orc priest barely misses you. Something hits you but does no damage.
You bump into the rock wall.
The orc priest hits you with a +0 flail.
* * * LOW HITPOINT WARNING * * *
Something hits you but does no damage.
You bump into the rock wall.
The orc priest hits you but does no damage.
Something hits you but does no damage.
You bump into the rock wall.
The orc priest barely misses you.
You hear some strange, mumbled words.
A puff of flame appears from out of thin air!
The puff of flame hits you.
* * * LOW HITPOINT WARNING * * *
You slash something!
Reactivating autopickup.
You feel a bit more experienced.
You slash the orc priest!
The orc priest hits you with a +0 flail.
You die...

### ..# #.# #.# #.#
#.# #)### #.@)#
.######o#########
......og........#
....#......#....#
.. ##...........#
..............?##.#
..#######.........#
# #........<...###
#.####......##


You could see an orc priest and a goblin.

Vanquished Creatures
  2 orc wizards (D:3)
  3 gnolls (D:2)
  An adder (D:2)
  A worm (D:2)
  An orc (D:3)
  2 ball pythons (D:2)
  4 endoplasms
  6 giant cockroaches
  6 goblins
  4 hobgoblins
  4 quokkas
  2 bats (D:1)
  A frilled lizard (D:1)
  3 kobolds
  2 rats (D:1)
42 creatures vanquished.

Notes
Turn   | Place    | Note
-------+----------+-------------------------------------------
     0 | D:1      | Fodor the Minotaur Fighter began the quest for the Orb.
     0 | D:1      | Reached XP level 1. HP: 19/19 MP: 0/0
   328 | D:1      | Reached XP level 2. HP: 27/27 MP: 1/1
  1093 | D:2      | Reached XP level 3. HP: 25/33 MP: 2/2
  1222 | D:2      | Reached XP level 4. HP: 26/40 MP: 3/3
  1809 | D:3      | Slain by an orc priest

Illustrated notes

Levels and vault maps discovered:
D:1:      dpeg_arrival_windows_large_door, layout_loops_corners,
          hangedman_decor_push, hex_medium, minmay_tromino_v4_b
D:2:      layout_basic
D:3:      layout_basic, serial_shops, shop, uniq_ijyb

Skill      XL: |  1  2  3  4 |
---------------+-------------+-----
Armour         | 4 |  4.5
Shields        | 4 |  4.2
Fighting       | 4 |  4.2
Axes           | 3 4 |  4.1
Dodging        | |  0.5

Action                     |  1- 3 |  4- 6 || total
---------------------------+-------+-------++-------
  Melee: War axe           |    68 |    17 ||    85
         Headbutt          |    14 |     3 ||    17
    Use: Potion            |       |     2 ||     2
 Armour: Scale mail        |    16 |       ||    16
         Chain mail        |    27 |    35 ||    62
  Dodge: Dodged            |    33 |    16 ||    49
  Block: Buckler           |    23 |     7 ||    30

Table legend: (Time is in decaauts)
 A = Elapsed time spent in this place.
 B = Non-inter-level travel time spent in this place.
 C = Inter-level travel time spent in this place.
 D = Time resting spent in this place.
 E = Time spent auto-exploring this place.
 F = Levels seen in this place.
 G = Mean time per level.
                   A        B        C        D        E       F      G
               +--------+--------+--------+--------+--------+-----+--------+
         Total |   1841 |   1691 |    150 |    252 |      0 |   3 |  613.7 |
       Dungeon |   1841 |   1691 |    150 |    252 |      0 |   3 |  613.7 |
               +--------+--------+--------+--------+--------+-----+--------+

Top non-repeatable levels by time:
     D:1: 1095 daAuts
     D:2: 717 daAuts
     D:3: 28 daAuts
